 Dungeon Crawl Stone Soup version 0.26-a0-1129-gc5df7fbe6a (webtiles) character file.

Game seed: 6415087278730720494

2969 Delamore the Basher (level 9, -5/54 HPs)
             Began as a Gargoyle Fighter on Dec 18, 2020.
             Was a Believer of Okawaru.
             Slain by an orc warrior
             ... wielding a +0 halberd
              (9 damage)
             ... in a bailey.
             The game lasted 00:08:48 (7730 turns).

Delamore the Basher (Gargoyle Fighter)              Turns: 7730, Time: 00:08:48

Health: -5/54      AC: 19    Str: 23    XL:     9   Next: 82%
Magic:  9/9        EV:  8    Int:  9    God:    Okawaru [**....]
Gold:   291        SH: 10    Dex:  9    Spells: 8/8 levels left

rFire    . . .     SeeInvis .   C - +2 whip (flame)
rCold    . . .     Faith    .   c - +0 kite shield
rNeg     + . .     Spirit   .   z - +3 ring mail
rPois    ∞         Reflect  .   y - +0 helmet
rElec    +         Harm     .   H - +0 cloak
rCorr    .         Rampage  .   o - +0 pair of gloves
Will     +....                  F - +0 pair of boots
Stlth    ..........             (no amulet)
HPRegen  0.18/turn              s - ring of willpower
MPRegen  0.11/turn              (no ring)

@: mighty, hasted, very quick
A: negative energy resistance 1, electricity resistance, unbreathing,
petrification resistance, miasma immunity, AC +6
a: Renounce Religion, Heroism


You were in a bailey.
You worshipped Okawaru.
Okawaru was pleased with you.
You visited 2 branches of the dungeon, and saw 8 of its levels.
You also visited: Bailey.

You collected 291 gold pieces.

Inventory:

Hand Weapons
 a - a +0 flail
 t - a +1 whip of freezing
 C - a +2 whip of flaming (weapon)
Missiles
 w - an atropa-tipped dart
 D - 3 throwing nets (quivered)
Armour
 c - a +0 kite shield (worn)
 o - a +0 pair of gloves (worn)
 y - a +0 helmet (worn)
 z - a +3 ring mail (worn)
 F - a +0 pair of boots (worn)
 H - a +0 cloak (worn)
Jewellery
 s - a ring of willpower (left hand)
Wands
 A - a wand of disintegration (6)
 B - a wand of random effects (16)
 G - a wand of flame (12)
Scrolls
 e - a scroll of enchant weapon
 f - 4 scrolls of amnesia
 j - 3 scrolls of magic mapping
 l - 6 scrolls of teleportation {unknown}
 m - 8 scrolls of remove curse
 v - a scroll of noise
 x - a scroll of acquirement {unknown}
Potions
 b - 2 potions of haste
 d - a potion of might
 g - 2 potions of resistance
 h - 2 potions of lignification
 i - 2 potions of heal wounds
 k - a potion of mutation {unknown}
 n - 2 potions of ambrosia {unknown}
 p - a potion of cancellation {unknown}
 q - a potion of flight {unknown}
 r - 4 potions of curing
 u - a potion of brilliance {unknown}


   Skills:
 - Level 5.0 Fighting
 + Level 12.2 Maces & Flails
 - Level 3.2 Armour
 - Level 5.0 Shields


You had 8 spell levels left.
You didn't know any spells.
Your spell library contained the following spells:

 Spells                   Type           Power        Failure   Level
 Animate Skeleton         Necr           0%           93%         1
 Pain                     Necr           0%           93%         1


Dungeon Overview and Level Annotations

Branches:
Dungeon (7/15)             Temple (1/1) D:5          Bailey (1/1)

Altars:
Ashenzari
Dithmenos
Elyvilon
Fedhas
Gozag
Hepliaklqana
Kikubaaqudgha
Makhleb
Nemelex Xobeh
Okawaru
Qazlal
Ru
Sif Muna
Trog
Uskayaw
Vehumet
Wu Jian
Xom
Yredelemnul
Zin
The Shining One

Shops:
D:7 [


Innate Abilities, Weirdness & Mutations

You are resistant to torment.
Your stone body is resilient. (AC +6)
You are immune to poison.
You resist negative energy. (rN+)
You are resistant to electric shocks. (rElec)
You can survive without breathing.
You are immune to petrification.
You are immune to miasma.


Message History

The orc warrior goes into a battle-frenzy!
The orc warrior completely misses you. The orc hits you with a +0 trident.
* * * LOW HITPOINT WARNING * * *
There is a huge open gate here.
Found 2 scrolls of enchant weapon and a scroll labelled GIACZE TARR.
The orc warrior hits you with a +0 halberd!
* * * LOW HITPOINT WARNING * * *
Found three items.
An orc knight comes into view. It is wielding a +0 halberd.
The orc knight shouts!
The orc knight roars a battlecry!
The orc knight goes into a battle-frenzy!
Found a scroll of enchant weapon and a scroll labelled GIOCOZUGHA.
An orc warrior comes into view. It is wielding a +0 glaive.
The orc warrior shouts!
You block the orc warrior's attack.
The orc knight hits you but does no damage.
The orc warrior hits you from afar with a +0 halberd!
You die...

############ #######
#..........###.....#####
............'.......#...
...??.......'.......'.!!
∩.o?o.......'.....).'...
..???....oo.ooo.....'.!!
.........oo.'ooo.)..#...
#......@...###.oo..#####
############ #######


You could see 3 orc knights, 3 orc warriors and 5 orcs.

Vanquished Creatures
  Pikel (D:5)
  Menkaure (D:6)
  Duvessa (D:4)
  2 orc warriors (Bailey)
  A hornet zombie (D:5)
  3 ogres
  A phantom (D:4)
  An ice beast (D:5)
  3 centaurs
  2 bullfrogs
  A gnoll sergeant (D:3)
  Dowan (D:4)
  A hound (D:6)
  2 jellies
  2 centaur skeletons (D:4)
  5 orc priests
  5 orc wizards
  Jessica (D:2)
  2 iguanas
  4 worker ants
  10 adders
  14 gnolls
  A shadow imp (D:6)
  A white imp (D:5)
  An ooze (D:2)
  3 ufetubi (D:5)
  2 adder skeletons (D:6)
  6 worms
  3 dart slugs (D:2)
  5 leopard geckos
  45 orcs
  4 ball pythons
  6 giant cockroaches
  11 goblins
  4 hobgoblins
  13 jackals
  10 kobolds
  4 quokkas
  6 bats
  6 frilled lizards
  10 rats
205 creatures vanquished.

Notes
Turn   | Place    | Note
-------+----------+-------------------------------------------
     0 | D:1      | Delamore the Gargoyle Fighter began the quest for the Orb.
     0 | D:1      | Reached XP level 1. HP: 14/14 MP: 1/1
    83 | D:1      | Reached XP level 2. HP: 17/19 MP: 2/2
   498 | D:1      | Reached XP level 3. HP: 24/24 MP: 3/3
  1327 | D:2      | Reached XP level 4. HP: 29/29 MP: 4/4
  1358 | D:2      | You fall into a shaft and drop 1 floor!
  1430 | D:3      | Reached skill level 3 in Maces & Flails
  1680 | D:3      | Reached XP level 5. HP: 34/34 MP: 5/5
  1872 | D:3      | Found a faded altar of an unknown god.
  2456 | D:4      | Noticed Duvessa
  2456 | D:4      | Noticed Dowan
  2674 | D:2      | Noticed Jessica
  2705 | D:2      | Killed Jessica
  2706 | D:2      | Reached skill level 5 in Shields
  2706 | D:2      | Reached XP level 6. HP: 34/40 MP: 6/6
  2768 | D:2      | Identified Jessica's Incunabulum of Evil
  2843 | D:2      | Reached skill level 5 in Fighting
  2947 | D:4      | Killed Duvessa
  2948 | D:4      | Reached skill level 4 in Maces & Flails
  2954 | D:4      | Killed Dowan
  2955 | D:4      | Reached skill level 5 in Maces & Flails
  2957 | D:4      | Noticed a phantom
  3014 | D:4      | Killed a phantom
  3015 | D:4      | Reached XP level 7. HP: 31/44 MP: 7/7
  3242 | D:4      | Reached skill level 6 in Maces & Flails
  3986 | D:4      | Reached skill level 7 in Maces & Flails
  4225 | D:5      | Entered Level 5 of the Dungeon
  4241 | D:5      | Found a white marble altar of Elyvilon.
  4271 | D:5      | Found a staircase to the Ecumenical Temple.
  4315 | Temple   | Entered the Ecumenical Temple
  4462 | Temple   | Became a worshipper of Warmaster Okawaru
  4538 | D:5      | Reached XP level 8. HP: 47/49 MP: 8/8
  4857 | D:5      | Noticed Pikel
  4884 | D:5      | Killed Pikel
  4884 | D:5      | Reached * piety under Okawaru
  4885 | D:5      | Reached skill level 9 in Maces & Flails
  5238 | D:5      | Reached skill level 10 in Maces & Flails
  5752 | D:6      | Reached XP level 9. HP: 52/54 MP: 9/9
  6082 | D:6      | Found an ornate altar of the Wu Jian Council.
  6288 | D:6      | Noticed Menkaure
  6303 | D:6      | Killed Menkaure
  6633 | D:6      | Found a hide-covered altar of Uskayaw.
  6635 | D:6      | Found a shimmering altar of Xom.
  6846 | D:6      | Reached skill level 11 in Maces & Flails
  7047 | D:6      | Reached ** piety under Okawaru
  7175 | D:6      | Found a hazy altar of Hepliaklqana.
  7176 | D:6      | Found a glowing golden altar of the Shining One.
  7205 | D:7      | Found Epiat's Armour Boutique.
  7206 | D:7      | Found a broken altar of Ashenzari.
  7448 | D:7      | Found a flagged portal.
  7457 | Bailey   | Entered a bailey
  7677 | Bailey   | Reached skill level 12 in Maces & Flails
  7710 | Bailey   | Noticed an orc knight
  7711 | Bailey   | Noticed an orc knight
  7724 | Bailey   | Noticed an orc knight
  7728 | Bailey   | Noticed an orc knight
  7730 | Bailey   | Slain by an orc warrior

Illustrated notes

Levels and vault maps discovered:
D:1:      dpeg_arrival_signposts, layout_loops_ring, minmay_tetromino_o2
D:2:      layout_basic, kennysheep_jessica_study
D:3:      layout_loops_ring, chequers_ecumenical_altar_twisty, minmay_pentangle
D:4:      layout_loops_ring, lightli_minifort, uniq_duvessa
D:5:      layout_rooms, minmay_temple_entry_purple_smoke, elyvilon_altar_1,
          uniq_pikel
D:6:      layout_basic, nicolae_overflow_hidden_temple, basic_altar,
          uniq_menkaure
D:7:      minmay_the_grid_octo_tiled_squarecenter
          [minmay_the_grid_octo_fat_diamond, minmay_the_grid_octo_clover,
          minmay_the_grid_octo_thin_diamonds, minmay_the_grid_octo_odd_swirl,
          minmay_the_grid_square_5x5_megaprize_checkered,
          minmay_the_grid_square_5x5_spiral, minmay_the_grid_square_5x5_meh,
          minmay_the_grid_square_5x5_mess, minmay_the_grid_square_5x5_one_wall],
          layout_basic, grunt_temple_overflow_open, enter_bailey_2,
          serial_shops, shop, minmay_manual_mares
Temple:   eino_temple_scatter_basement
Bailey:   bailey_polearm_5, bailey

Skill      XL: |  1  2  3  4  5  6  7  8  9 |
---------------+----------------------------+-----
Shields        | 4 5 |  5.0
Fighting       | 4 5 |  5.0
Maces & Flails | 3 5 7 10 12 | 12.2
Armour         | |  3.2

Action                   |  1- 3 |  4- 6 |  7- 9 || total
-------------------------+-------+-------+-------++-------
Melee: Flail             |   171 |   151 |       ||   322
       Whip              |       |   119 |   555 ||   674
Throw: Dart              |       |       |     5 ||     5
Invok: Heroism           |       |       |     1 ||     1
Evoke: Wand              |       |       |     4 ||     4
  Use: Scroll            |       |     2 |    10 ||    12
       Potion            |       |       |     3 ||     3
Armor: Scale mail        |    97 |    94 |       ||   191
       Chain mail        |       |    30 |       ||    30
       Ring mail         |       |    30 |   242 ||   272
Dodge: Dodged            |    58 |    65 |   143 ||   266
Block: Kite shield       |   104 |   119 |   261 ||   484

Table legend: (Time is in decaauts)
 A = Elapsed time spent in this place.
 B = Non-inter-level travel time spent in this place.
 C = Inter-level travel time spent in this place.
 D = Time resting spent in this place.
 E = Time spent auto-exploring this place.
 F = Levels seen in this place.
 G = Mean time per level.
                   A        B        C        D        E       F      G
               +--------+--------+--------+--------+--------+-----+--------+
         Total |   7663 |   7258 |    405 |   1056 |   4564 |   9 |  851.4 |
       Dungeon |   7248 |   6874 |    374 |    956 |   4375 |   7 | 1035.4 |
        Temple |    164 |    133 |     31 |      0 |    131 |   1 |  164.0 |
        Bailey |    250 |    250 |      0 |    100 |     58 |   1 |  250.0 |
               +--------+--------+--------+--------+--------+-----+--------+

Top non-repeatable levels by time:
     D:6: 1389 daAuts
     D:3: 1370 daAuts
     D:5: 1365 daAuts
     D:4: 1118 daAuts
     D:1: 1022 daAuts
     D:2: 800 daAuts
  Bailey: 250 daAuts
     D:7: 181 daAuts
  Temple: 164 daAuts
